 Dungeon Crawl Stone Soup version 0.30-b1-2-g02819fbbbe (webtiles) character file.

Game seed: 15652710029160866093

2650 redmage the Geomancer (level 10, -5/69 HPs)
             Began as a Meteoran Earth Elementalist on July 25, 2023.
             Was a Follower of Sif Muna.
             Slain by a yak (10 damage)
             ... on level 1 of the Lair of Beasts.
             The game lasted 00:29:16 (1781 turns).

redmage the Geomancer (Meteoran Earth Elementalist) Turns: 1781, Time: 00:29:17

Health: -5/69      AC: 10    Str: 10    XL:     10   Next: 15%
Magic:  2/20       EV: 12    Int: 20    God:    Sif Muna [*.....]
Gold:   76         SH:  0    Dex: 16    Spells: 11/21 levels left

rFire   . . .        m - +0 dagger (venom)
rCold   . . .        (no shield)
rNeg    . . .        r - +1 steam dragon scales
rPois   +            (no helmet)
rElec   .            (no cloak)
rCorr   .            (no gloves)
SInv    .            (no boots)
Will    +....        (no amulet)
Stlth   +            l - +4 ring of protection
HPRegen 0.31/turn    o - ring of poison resistance
MPRegen 0.17/turn

%: no passive effects
@: glowing
A: sense surroundings 2, otherworldly, glowing, explore regen
a: Renounce Religion, Channel Magic


You were on level 1 of the Lair of Beasts.
You worshipped Sif Muna.
Sif Muna was aware of your devotion.
You visited 3 branches of the dungeon, and saw 10 of its levels.

You collected 224 gold pieces.
You spent 148 gold pieces at shops.

Inventory:

Hand Weapons
 m - a +0 dagger of venom (weapon)
 C - the +0 falchion "Beastslayer" {vamp, Str+3}
   (You found it on level 6 of the Dungeon)

   Str:       It affects your strength (+3).
Missiles
 c - 54 stones (quivered)
 y - a boomerang
 A - 4 silver javelins
Armour
 r - +1 steam dragon scales (worn)
 t - the +7 Kryia's mail coat {PotionHeal*2 rC+}
   (You found it on level 4 of the Dungeon)

   PotionHeal*2: Potions heal its wearer twice as much.
   rC:        It protects you from cold.
Magical Staves
 q - a staff of conjuration
Jewellery
 a - a ring of fire
 l - a +4 ring of protection (left hand)
 o - a ring of poison resistance (right hand)
Wands
 h - a wand of charming (8)
 v - a wand of roots (7)
 x - a wand of mindburst (10)
Scrolls
 e - 2 scrolls of enchant armour
 f - 2 scrolls of magic mapping
 u - a scroll of identify
 w - a scroll of immolation {unknown}
 z - a scroll of teleportation
 B - 2 scrolls of fear {unknown}
 D - a scroll of poison
Potions
 b - a potion of magic
 d - 6 potions of curing
 g - 3 potions of lignification {unknown}
 i - 2 potions of might
 j - a potion of flight {unknown}
 k - a potion of degeneration {unknown}
 n - 2 potions of brilliance {unknown}
 p - 2 potions of heal wounds {unknown}
 s - a potion of cancellation {unknown}
 E - a potion of mutation {unknown}


   Skills:
 * Level 3.2 Short Blades
 - Level 2.4 Dodging
 * Level 3.0 Stealth
 - Level 6.0 Spellcasting
 - Level 5.0 Conjurations
 + Level 5.7 Transmutations
 - Level 10.1 Earth Magic
 + Level 5.5 Invocations


You had 11 spell levels left.
You knew the following spells:

 Your Spells              Type           Power      Damage    Failure   Level
a - Sandblast             Erth           92%        2d19      1%          1
b - Passwall              Tmut/Erth      30%        N/A       1%          2
c - Stone Arrow           Conj/Erth      72%        3d11      1%          3
d - Petrify               Tmut/Erth      37%        N/A       4%          4

Your spell library contained the following spells:

 Spells                   Type           Power      Damage    Failure   Level


Dungeon Overview and Level Annotations

Branches:
Dungeon (8/15) Zot: 3050   Temple (1/1) D:6 Zot: 585    Lair (1/5) D:8 Zot: 527

Altars:
Ashenzari
Dithmenos
Okawaru
Ru
Sif Muna
Wu Jian
The Shining One

Shops:
D:5 *   D:6 (

Annotations:
D:7 Maggie, Menkaure


Innate Abilities, Weirdness & Mutations

You passively map the area around you.
You are easily found by Zot.
You glow in the dark.
You regain HP and MP as you explore.


Message History

Unknown command.
You barely miss the yak.
The yak stops moving altogether!
The helpless yak fails to defend itself.
You puncture the yak!
The yak is moderately wounded.
The yak gores you!
The helpless yak fails to defend itself.
You puncture the yak!
The yak looks as sick as possible!
The yak is heavily wounded.
The yak gores you!
* * * LOW HITPOINT WARNING * * *
Unknown command.
Casting: Petrify (dangerous; 4% risk of failure)
Confirm with . or Enter, or press ? or * to list all spells.
Okay, then.
The helpless yak fails to defend itself.
You puncture the yak!
The yak looks as sick as possible!
The yak is severely wounded.
The yak completely misses you.
The helpless yak fails to defend itself.
You puncture the yak!
The yak looks as sick as possible!
The yak is almost dead.
The yak gores you but does no damage.
The helpless yak fails to defend itself.
You puncture the yak!
You kill the yak!
Sif Muna accepts your kill.
Your Short Blades skill increases to level 3!
Your Stealth skill increases to level 3!
Unknown command.
Casting: Petrify (dangerous; 4% risk of failure)
Confirm with . or Enter, or press ? or * to list all spells.
Aiming: Passwall (safe; 1% risk of failure)
Press: ? - help, Dir - move target A rock wall.
The yak gores you!
* * * LOW HITPOINT WARNING * * *
You begin to meditate on the wall.
You continue meditating on the rock.
The yak gores you!
You die...

#P........P# * *,
, ##........## , *
#........# * , * ,
*#........## * * *
*#.#####...######.
* ,, ,, ...
#P.......... , *
... ##.......... ,
, , , .. ##
#P.YY....... * ,,
#.#P###.#@#####.#
, ** *##.......###
*. , #........# ,,
##.......# , *
#.......# , ,
#.......# , * * *
#.......# , *, *
*.........# ** ,
,, ,,..........# *
** , *


You could see 2 yaks.

Vanquished Creatures
  Pikel (D:6)
  A wyvern (Lair:1)
  3 yaks (Lair:1)
  2 steam dragons
  A water moccasin (Lair:1)
  A sky beast (D:7)
  An orc warrior (D:8)
  A lemure (D:7)
  A phantom (D:7)
  2 bullfrogs (D:8)
  3 scorpions
  2 wights (D:8)
  2 howler monkeys (D:7)
  A jelly (D:4)
  3 orc priests
  A gnoll bouda (D:6)
  A hound (D:6)
  Jessica (D:3)
  3 iguanas
  2 orc wizards
  6 gnolls
  5 adders
  2 worms
  16 orcs
  2 bats (D:1)
  4 endoplasms
  3 giant cockroaches
  3 goblins
  5 hobgoblins
  7 jackals
  3 quokkas
  2 training dummies (D:6)
  4 ball pythons
  A frilled lizard (D:3)
  7 kobolds
  5 rats
108 creatures vanquished.

Vanquished Creatures (collateral kills)
  An orc (D:6)
  A training dummy (D:6)
2 creatures vanquished.

Vanquished Creatures (others)
  An ogre (D:6)
  4 fungi (D:8)
  5 plants
10 creatures vanquished.

Grand Total: 120 creatures vanquished

Notes
Turn   | Place    | Note
-------+----------+-------------------------------------------
     0 | D:1      | redmage the Meteoran Earth Elementalist began the quest for
                  | the Orb.
     0 | D:1      | Reached XP level 1. HP: 14/14 MP: 5/5
    45 | D:1      | Reached XP level 2. HP: 18/20 MP: 0/6
    70 | D:1      | Reached skill level 4 in Earth Magic
   200 | D:2      | Reached XP level 3. HP: 26/26 MP: 6/8
   297 | D:3      | Reached XP level 4. HP: 18/33 MP: 6/10
   301 | D:3      | Learned a level 2 spell: Passwall
   305 | D:3      | Learned a level 3 spell: Stone Arrow
   322 | D:3      | Identified the +0 falchion "Wudoaneth" {heavy, rN+}
   437 | D:3      | Noticed Jessica
   441 | D:3      | Killed Jessica
   442 | D:3      | Reached skill level 1 in Conjurations
   442 | D:3      | Reached skill level 5 in Earth Magic
   442 | D:3      | Reached XP level 5. HP: 38/38 MP: 1/11
   544 | D:3      | Reached XP level 6. HP: 26/45 MP: 6/13
   598 | D:4      | Reached skill level 6 in Earth Magic
   624 | D:4      | Noticed a steam dragon
   717 | D:4      | Killed a steam dragon
   718 | D:4      | Reached XP level 7. HP: 33/50 MP: 6/15
   772 | D:4      | Learned a level 4 spell: Petrify
   829 | D:5      | Entered Level 5 of the Dungeon
   829 | D:5      | Noticed a steam dragon
   834 | D:5      | Killed a steam dragon
   835 | D:5      | Reached skill level 5 in Spellcasting
   835 | D:5      | Reached skill level 7 in Earth Magic
   849 | D:4      | Found the +7 Kryia's mail coat {PotionHeal*2 rC+}
  1061 | D:7      | Noticed Pikel
  1062 | D:7      | Noticed Maggie
  1095 | D:6      | Found a staircase to the Ecumenical Temple.
  1112 | D:6      | Reached XP level 8. HP: 46/57 MP: 1/16
  1121 | Temple   | Entered the Ecumenical Temple
  1128 | Temple   | Became a worshipper of Sif Muna the Loreminder
  1155 | D:5      | You fall into a shaft and drop 1 floor!
  1159 | D:6      | Found Vaush's Firing Range.
  1181 | D:6      | Reached skill level 1 in Invocations
  1326 | D:7      | Reached skill level 8 in Earth Magic
  1369 | D:6      | Identified the +0 falchion "Beastslayer" {vamp, Str+3}
  1479 | D:5      | Found Pouk's Assorted Antiques.
  1484 | D:5      | Bought a glowing orange potion for 14 gold pieces
  1484 | D:5      | Bought a metallic cyan potion for 14 gold pieces
  1484 | D:5      | Bought a scroll of magic mapping for 120 gold pieces
  1536 | D:7      | Noticed Menkaure
  1558 | D:6      | Killed Pikel
  1559 | D:6      | Reached skill level 5 in Conjurations
  1559 | D:6      | Reached skill level 9 in Earth Magic
  1559 | D:6      | Gained mutation: You passively map the area around you.
                  | [Meteoran growth]
  1559 | D:6      | Reached XP level 9. HP: 36/62 MP: 2/19
  1672 | D:8      | Reached * piety under Sif Muna
  1676 | D:8      | Reached skill level 10 in Earth Magic
  1678 | D:8      | Reached skill level 5 in Transmutations
  1688 | D:8      | Found a staircase to the Lair.
  1707 | Lair:1   | Entered Level 1 of the Lair of Beasts
  1710 | Lair:1   | Reached skill level 1 in Short Blades
  1726 | Lair:1   | Reached skill level 5 in Invocations
  1751 | Lair:1   | Reached XP level 10. HP: 69/69 MP: 7/20
  1781 | Lair:1   | Slain by a yak

Illustrated notes

Levels and vault maps discovered:
D:1:      erik_arrival_blinker_ship, layout_basic,
          ebering_ecumenical_altar_sacrificial, serial_shops, shop,
          minmay_octomino_c4
D:2:      layout_basic
D:3:      cheibrodos_thug_alley, layout_loops_ring, uniq_jessica
D:4:      layout_cave_pools, dk_vineyard_3
D:5:      layout_basic, serial_shops, kennysheep_little_box,
          uniq_crazy_yiuf_cottage
D:6:      layout_basic, minmay_temple_entry_slanted, minmay_misc_feat_hallway,
          minmay_misc_feat_alley, nicolae_shop_firing_range
D:7:      minmay_opposing_rooms, layout_rooms, kennysheep_nondescript,
          uniq_maggie, uniq_pikel, uniq_menkaure
D:8:      layout_layer_cave, grunt_lair_entry_orc_guard_hut,
          nicolae_grassy_gnolls
Temple:   hellmonk_temple_of_storms
Lair:1:   layout_chaotic_city, worms_lemuel

Skill      XL: |  1  2  3  4  5  6  7  8  9 10 |
---------------+-------------------------------+-----
Earth Magic    | 4 5 6 7 9 10 | 10.1
Spellcasting   | 3 4 5 6 |  6.0
Transmutations | 2 4 5 |  5.7
Conjurations   | 1 2 3 5 |  5.0
Invocations    | 3 5 |  5.5
Short Blades   | 2 3 |  3.2
Stealth        | 2 3 |  3.0
Dodging        | |  2.4

Action                     |  1- 3 |  4- 6 |  7- 9 | 10-12 || total
---------------------------+-------+-------+-------+-------++-------
  Melee: Unarmed           |     4 |       |       |       ||     4
         Whip              |     5 |     7 |       |       ||    12
         Dagger            |       |     8 |    32 |    13 ||    53
         Punch             |       |       |     1 |       ||     1
  Throw: Throwing net      |       |       |     1 |       ||     1
   Cast: Sandblast         |    34 |    26 |    41 |       ||   101
         Stone Arrow       |       |    19 |    49 |       ||    68
         Passwall          |       |     1 |    12 |     1 ||    14
         Petrify           |       |       |     6 |     3 ||     9
  Evoke: Wand              |       |       |     1 |       ||     1
    Use: Scroll            |       |       |     9 |       ||     9
   Stab: Sleeping          |       |     1 |       |       ||     1
         Petrified         |       |       |    27 |    10 ||    37
 Armour: Robe              |    16 |     7 |     1 |       ||    24
         Steam dragon scal |       |       |    18 |     5 ||    23
  Dodge: Dodged            |    32 |    11 |    24 |     7 ||    74
